 Dungeon Crawl Stone Soup version 0.31.0-32-g396128a36d (webtiles) character file.

Game seed: 6168487743593798010

228 S4ndwich the Ruffian (level 5, 0/52 HPs)
             Began as a Troll Gladiator on Apr 12, 2024.
             Slain by a gnoll
             ... wielding a +0 halberd
              (5 damage)
             ... on level 4 of the Dungeon.
             The game lasted 00:19:44 (2484 turns).

S4ndwich the Ruffian (Troll Gladiator)              Turns: 2484, Time: 00:19:44

Health: 0/52       AC:  4    Str: 22    XL:     5   Next: 70%
Magic:  4/4        EV: 10    Int:  4    God:
Gold:   272        SH:  0    Dex: 13    Spells: 4/4 levels left

rFire   . . .        l - +0 giant club
rCold   . . .        (shield currently unavailable)
rNeg    . . .        a - +0 robe
rPois   .            b - +0 hat
rElec   .            (no cloak)
rCorr   .            (gloves unavailable)
SInv    .            (boots unavailable)
Will    .....        (no amulet)
Stlth   +            (no ring)
HPRegen 1.08/turn    (no ring)
MPRegen 0.09/turn

%: no passive effects
@: no status effects
A: large, unfitting armour, claws 3, regeneration 1, shaggy fur 1, tough skin 1
a: no special abilities


You were on level 4 of the Dungeon.
You visited 1 branch of the dungeon, and saw 4 of its levels.

You collected 272 gold pieces.

Inventory:

Hand Weapons
 e - a +0 sling
 l - a +0 giant club (weapon)
Missiles
 c - 3 throwing nets (quivered)
 d - a large rock
 j - 41 stones
Armour
 a - a +0 robe (worn)
 b - a +0 hat (worn)
Jewellery
 w - a ring of ice
Scrolls
 i - 2 scrolls of fear {unknown}
 m - 2 scrolls of teleportation {unknown}
 o - a scroll of vulnerability {unknown}
 q - a scroll of enchant weapon {unknown}
 s - 2 scrolls of poison {unknown}
 t - a scroll of acquirement {unknown}
 u - 2 scrolls of noise {unknown}
 v - 2 scrolls of blinking {unknown}
 y - a scroll of immolation {unknown}
 B - a scroll of enchant armour {unknown}
Potions
 f - a potion of haste {unknown}
 g - 3 potions of degeneration
 h - 2 potions of heal wounds
 k - a potion of might {unknown}
 n - 3 potions of brilliance
 p - 2 potions of berserk rage {unknown}
 r - a potion of attraction {unknown}
 x - 3 potions of resistance
 z - a potion of curing {unknown}
 A - a potion of ambrosia {unknown}


   Skills:
 + Level 2.8 Fighting
 * Level 0.3 Maces & Flails
 + Level 3.1 Throwing
 + Level 3.3 Dodging
 - Level 4.0 Unarmed Combat


You had 4 spell levels left.
You didn't know any spells.
Your spell library contained the following spells:

 Spells                   Type           Power      Damage    Failure   Level
 Shock                    Conj/Air       0%         1d3       50%         1
 Dazzling Flash           Conj/Hex       0%         N/A       86%         3
 Mephitic Cloud           Conj/Alch/Air  0%         N/A       86%         3
 Swiftness                Air            0%         N/A       86%         3
 Airstrike                Air            0%         2d(0-16)  99%         4
 Curse of Agony           Necr           0%         N/A       100%        5
 Silence                  Hex/Air        0%         N/A       100%        5


Dungeon Overview and Level Annotations

Branches:
Dungeon (4/15)
 Temple: D:4-7

Altars:

Shops:
D:1 :


Innate Abilities, Weirdness & Mutations

You are too large for most types of armour.
You have claws for hands.
Your natural rate of healing is unusually fast.
You are covered in fur. (AC +1)
You have tough skin. (AC +1)


Message History

You closely miss the orc. The orc hits you but does no damage. x2
You closely miss the orc. The orc hits you with a +0 dagger.
You barely miss the orc. The orc hits you but does no damage.
The orc hits you with a +0 dagger.
You hit the orc but do no damage. The orc hits you with a +0 dagger.
The orc barely misses you.
You bludgeon the orc!!
You kill the orc!
HP restored.
j - 41 stones (gained 6)
You see here a +0 helmet.
A gnoll comes into view. It is wielding a +0 halberd.
A nearby fungus withers and dies.
A gnoll comes into view. It is wielding a +0 halberd.
You see here 7 gold pieces.
An adder comes into view.
The gnoll hits the fungus with a +0 halberd.
The fungus begins to die.
You see here 7 gold pieces.
You see here 7 gold pieces.
You now have 272 gold pieces (gained 7).
The gnoll hits you from afar with a +0 halberd!
The gnoll barely misses you.
You barely miss the gnoll. The gnoll completely misses you.
The gnoll hits you with a +0 halberd!
You closely miss the gnoll.
The gnoll hits you with a +0 halberd! x2
* * * LOW HITPOINT WARNING * * *
You barely miss the gnoll. The gnoll misses you.
You barely miss the gnoll. The gnoll closely misses you.
The gnoll barely misses you.
You barely miss the gnoll. The gnoll hits you with a +0 halberd!
* * * LOW HITPOINT WARNING * * *
You thump the gnoll!
The gnoll is almost dead.
The gnoll barely misses you. The gnoll hits you with a +0 halberd.
* * * LOW HITPOINT WARNING * * *
You barely miss the gnoll.
The gnoll is almost dead.
The gnoll misses you. The gnoll hits you with a +0 halberd.
You die...

#..........#####
##..[..#.#.....#
#....##...###.
#.#....[.##
#.######.# #. #.#
#.# #.# ##@#
##.g#####
#..........
.............###.
PPPPP..#####.#
P~~~~S. .#


PPPPP.. # P~~~~.. PPPP... You could see a gnoll and an adder (wandering).

Vanquished Creatures
  An ogre (D:3)
  A bombardier beetle (D:3)
  Terence (D:2)
  2 adders
  8 dart slugs
  An orc (D:4)
  3 bats
  4 endoplasms
  3 giant cockroaches
  4 goblins
  8 hobgoblins
  7 jackals
  3 kobolds
  2 ball pythons (D:2)
  3 frilled lizards
  3 rats
54 creatures vanquished.

Notes
Turn   | Place    | Note
-------+----------+-------------------------------------------
     0 | D:1      | S4ndwich the Troll Gladiator began the quest for the Orb.
     0 | D:1      | Reached XP level 1. HP: 19/19 MP: 0/0
   324 | D:1      | Reached XP level 2. HP: 25/28 MP: 1/1
   412 | D:1      | Noticed a walking divine tome
   414 | D:1      | Found Waipn's Book Shoppe.
   418 | D:1      | Noticed a walking crystal tome
  1152 | D:2      | Reached XP level 3. HP: 35/35 MP: 2/2
  1330 | D:2      | Noticed Terence
  1342 | D:2      | Killed Terence
  1343 | D:2      | Reached XP level 4. HP: 26/42 MP: 3/3
  1781 | D:3      | Noticed an ogre
  1787 | D:3      | Killed an ogre
  1788 | D:3      | Reached skill level 4 in Unarmed Combat
  1788 | D:3      | Reached XP level 5. HP: 50/50 MP: 4/4
  2093 | D:3      | Found a faded altar of an unknown god.
  2484 | D:4      | Slain by a gnoll

Illustrated notes

Levels and vault maps discovered:
D:1:      dpeg_arrival_castle, layout_loops_ring, serial_shops,
          nicolae_shop_mannequins, serial_bayou, serial_bayou_lake_a,
          serial_bayou_shore_a, serial_bayou_pond_e, serial_bayou_ford_a
D:2:      layout_basic, grunt_decor_one_mirror, uniq_terence
D:3:      kennysheep_slugbush, layout_basic, shapermc_ecumenical_altar_ellora
D:4:      layout_loops_ring, nicolae_uskayaw_dance_hall,
          mainiacjoe_overflow_24_doors, minmay_temple_entry_offerings,
          columned_hall_lemuel, dreamdust_gnoll_farm, uniq_ijyb, uniq_grinder

Skill      XL: |  1  2  3  4 |
---------------+-------------+-----
Throwing       | 2 3 |  3.1
Fighting       | 2 |  2.8
Dodging        | 3 |  3.3
Unarmed Combat | 4 |  4.0
Maces & Flails | |  0.3

Action                     |  1- 3 |  4- 6 || total
---------------------------+-------+-------++-------
  Melee: Unarmed           |    63 |    27 ||    90
         Punch             |     1 |     3 ||     4
         Giant club        |       |    71 ||    71
  Throw: Throwing net      |     2 |       ||     2
    Use: Scroll            |       |     4 ||     4
   Stab: Sleeping          |     2 |     1 ||     3
 Armour: Robe              |    21 |    84 ||   105
  Dodge: Dodged            |    24 |    48 ||    72
